 Dungeon Crawl Stone Soup version 0.32-a0-640-gc5db3fc80f (webtiles) character file.

Game seed: 8469821059733614203

231 mopl the Ruffian (level 6, 0/42 HPs)
             Began as a Djinni Shapeshifter on Mar 7, 2024.
             Slain by a gnoll
             ... wielding a +0 halberd
              (8 damage)
             ... on level 3 of the Dungeon.
             The game lasted 00:02:34 (1972 turns).

mopl the Ruffian (Djinni Shapeshifter)              Turns: 1972, Time: 00:02:35

Health: 0/42       AC:  8    Str: 15    XL:     6   Next: 24%
Gold:   154        EV:  7    Int: 11    God:
                   SH:  0    Dex: 13

rFire   + +          .
                       - Unarmed
rCold   x . .        (no shield)
rNeg    . . .        g - +0 chain mail
rPois   ∞            (helmet currently unavailable)
rElec   .            (cloak currently unavailable)
rCorr   +            (gloves currently unavailable)
SInv    .            (boots unavailable)
Will    .....        (no amulet) Stlth
                     h - ring of resist corrosion
HPRegen 0.27/turn    (no ring)
MPRegen 0.00/turn

%: infuse magic (-1 HP)
@: beast-form, flying
A: beast (slay +2), flying, sickness immunity, fire resistance 2, cold
vulnerability 1, float, innate caster, HP casting, extra vitality 1
a: Begin Untransformation


You were on level 3 of the Dungeon.
You were a hulking beast.
You visited 1 branch of the dungeon, and saw 3 of its levels.

You collected 154 gold pieces.

Inventory:

Hand Weapons
 k - a +3 dagger of electrocution
Missiles
 n - 3 poisoned darts (quivered)
Armour
 g - a +0 chain mail (worn)
 l - a +0 tower shield
Jewellery
 h - a ring of resist corrosion (left hand)
Talismans
 c - a beast talisman (active)
 d - a flux talisman
Scrolls
 a - a scroll of fear {unknown}
 e - a scroll of torment {unknown}
 i - a scroll of poison {unknown}
 j - 3 scrolls of identify {unknown}
 o - a scroll of immolation {unknown}
Potions
 b - a potion of lignification {!q}
 f - 2 potions of curing {unknown}
 m - a potion of enlightenment {unknown}


   Skills:
 - Level 1.0 Fighting
 - Level 2.1 Dodging
 * Level 5.0 Unarmed Combat
 * Level 4.3 Shapeshifting


You knew the following spells:

 Your Spells              Type           Power      Damage    Failure   Level
a - Sting                 Conj/Alch      0%         1d3       99%         1
b - Blink                 Tloc           0%         N/A       100%        2
Your spell library was empty.


Dungeon Overview and Level Annotations

Branches:
Dungeon (3/15)

Altars:

Shops:
D:2 [   D:3 (


Innate Abilities, Weirdness & Mutations

You are a hulking beast.
Your limbs bulge with bestial killing power. (Slay +2)
You are flying.
You are immune to sickness and miasma.
You are immune to poison.
Your flesh is very heat resistant. (rF++)
You are vulnerable to cold. (rC-)
You float through the air rather than walking.
You learn spells naturally, not from books.
Your magical power is your life essence.
You have superior vitality. (+4 MHP)


Message History

The gnoll is severely wounded.
The gnoll barely misses you. The gnoll hits you with a +0 club.
You hit the gnoll but do no damage.
The gnoll is severely wounded.
The gnoll closely misses you.
You closely miss the gnoll.
The gnoll is severely wounded.
The gnoll hits you but does no damage.
The gnoll hits you from afar with a +0 halberd.
You closely miss the gnoll.
The gnoll is severely wounded.
The gnoll hits you with a +0 club.
The gnoll hits you from afar with a +0 halberd.
You are too injured to fight recklessly!
You closely miss the gnoll.
The gnoll is severely wounded.
The gnoll hits you with a +0 club.
The gnoll hits you from afar with a +0 halberd!
* * * LOW HITPOINT WARNING * * *
The gnoll attacks as it pursues you! The gnoll hits you with a +0 club.
* * * LOW HITPOINT WARNING * * *
The gnoll attacks as it pursues you! The gnoll barely misses you.
A ball python comes into view.
The ball python hisses angrily.
The gnoll hits you but does no damage.
The ball python bites you but does no damage.
The ball python closely misses you. The ball python closely misses you.
The ball python completely misses you. The ball python grabs you.
The ball python constricts you.
The ball python's grasp on you weakens, but your attempt to escape fails.
The ball python bites you but does no damage.
The ball python constricts you.
You escape the ball python's grasp.
The gnoll attacks as it pursues you! The gnoll barely misses you.
You see here a +0 dagger.
The gnoll attacks as it pursues you! The gnoll barely misses you.
The gnoll attacks as it pursues you!
The gnoll hits you from afar with a +0 halberd!
You die...

#..#####.#######
#.......#......#######
###...####.#####.....>..
#................###.#.#
##.#....[.#.##...........
#..............##.###...#
#...........##.##.# #.∩..
#............#.##.# ###.#
#.......h<%....##.# #.#
#.......g....#.##.# #.#
#......Sg....#.##.# ##.#
#..........#.#.##(####..#
####............(.....#.#
#####.......>.#)....#....#
........#######.###.#.#.##
#####.#.#######.# #.#.#...
#.#....)....###.#.####


You could see 2 gnolls and a ball python.

Vanquished Creatures
  A bombardier beetle (D:2)
  Jessica (D:2)
  Natasha (thrice) (D:2)
  2 gnolls (D:3)
  3 adders
  4 endoplasms
  2 giant cockroaches (D:2)
  5 hobgoblins
  A quokka (D:2)
  5 ball pythons
  6 bats
  5 frilled lizards
  10 goblins
  5 kobolds
  3 rats (D:1)
56 creatures vanquished.

Notes
Turn   | Place    | Note
-------+----------+-------------------------------------------
     0 | D:1      | mopl the Djinni Shapeshifter began the quest for the Orb.
     0 | D:1      | Reached XP level 1. HP: 17/17 MP: 0/0
   124 | D:1      | Reached XP level 2. HP: 12/22 MP: 0/0
   231 | D:1      | Reached skill level 3 in Shapeshifting
   431 | D:1      | Reached XP level 3. HP: 27/27 MP: 0/0
   431 | D:1      | Learned a level 1 spell: Sting
   909 | D:2      | Noticed Natasha
   918 | D:2      | Killed Natasha
   919 | D:2      | Reached skill level 4 in Unarmed Combat
   919 | D:2      | Reached XP level 4. HP: 25/32 MP: 0/0
   973 | D:2      | Noticed Jessica
   996 | D:2      | Killed Jessica
  1254 | D:2      | Reached XP level 5. HP: 19/37 MP: 0/0
  1254 | D:2      | Learned a level 2 spell: Blink
  1408 | D:2      | Noticed Natasha
  1446 | D:2      | Killed Natasha
  1518 | D:2      | Found Vammean's Antique Armour Emporium.
  1675 | D:2      | Noticed Natasha
  1682 | D:2      | Killed Natasha
  1683 | D:2      | Reached skill level 4 in Shapeshifting
  1803 | D:2      | Reached XP level 6. HP: 42/42 MP: 0/0
  1856 | D:3      | Found Xutsur's Antique Weapon Emporium.
  1944 | D:3      | Reached skill level 5 in Unarmed Combat
  1972 | D:3      | Slain by a gnoll

Illustrated notes

Levels and vault maps discovered:
D:1:      pf_arrival_petrified_forest, layout_loops_cross, serial_forest,
          infiniplex_forest_straight_4, infiniplex_forest_lined_ring,
          infiniplex_forest_clump_long, infiniplex_forest_end_1,
          amcnicky_mini_corridor_feature
D:2:      layout_basic, serial_shops, shop, uniq_jessica, uniq_natasha
D:3:      layout_loops_ring, chequers_temple_overflow_statue_of_worship,
          serial_shops, shop, minmay_pentangle

Skill      XL: |  1  2  3  4  5  6 |
---------------+-------------------+-----
Shapeshifting  | 3 4 |  4.3
Unarmed Combat | 4 5 |  5.0
Fighting       | |  1.0
Dodging        | |  2.1

Action                     |  1- 3 |  4- 6 || total
---------------------------+-------+-------++-------
  Melee: Unarmed           |    81 |    79 ||   160
         Dagger            |       |     7 ||     7
         Punch             |       |     3 ||     3
 Armour: Animal skin       |    20 |       ||    20
         Chain mail        |    45 |    94 ||   139
  Dodge: Dodged            |    31 |    44 ||    75

Table legend: (Time is in decaauts)
 A = Elapsed time spent in this place.
 B = Non-inter-level travel time spent in this place.
 C = Inter-level travel time spent in this place.
 D = Time resting spent in this place.
 E = Time spent auto-exploring this place.
 F = Levels seen in this place.
 G = Mean time per level.
                   A        B        C        D        E       F      G
               +--------+--------+--------+--------+--------+-----+--------+
         Total |   1959 |   1846 |    113 |    100 |   1315 |   3 |  653.0 |
       Dungeon |   1959 |   1846 |    113 |    100 |   1315 |   3 |  653.0 |
               +--------+--------+--------+--------+--------+-----+--------+

Top non-repeatable levels by time:
     D:2: 978 daAuts
     D:1: 827 daAuts
     D:3: 153 daAuts
